 Dungeon Crawl Stone Soup version 0.19-a0-14-gde87d98 (webtiles) character file.

411 Zhenya25pyc the Cudgeler (level 6, 0/40 HPs)
             Began as a Gargoyle Fighter on Apr 29, 2016.
             Slain by an orc priest (1 damage)
             ... on level 4 of the Dungeon.
             The game lasted 00:09:02 (3033 turns).

Zhenya25pyc the Cudgeler (Gargoyle Fighter)         Turns: 3033, Time: 00:09:03

Health: 0/40       AC: 14    Str: 21    XL:     6   Next: 90%
Magic:  6/6        EV:  7    Int:  9    God:
Gold:   87         SH:  9    Dex:  9    Spells: 0 memorised, 5 levels left

rFire  . . .     SeeInvis .     a - +0 flail
rCold  . . .     Gourm    .     b - +0 scale mail
rNeg   + . .     Faith    .     c - +0 shield
rPois  ∞         Spirit   .     u - +0 helmet
rElec  +         Dismiss  .     q - +0 cloak (curse)
rCorr  .         Reflect  .     (no gloves)
SustAt .         Harm     .     (no boots)
MR     .....     Rnd*Tele +     (no amulet)
Stlth  ..........               (no ring)
                                l - ring of teleportation (curse)

@: not resistant to hostile enchantments, extremely unstealthy
A: negative energy resistance 1, electricity resistance, unbreathing,
petrification resistance, rot immunity, AC +4
a: no special abilities


You were on level 4 of the Dungeon.
You were not hungry.

You visited 1 branch of the dungeon, and saw 4 of its levels.

You collected 87 gold pieces.

Inventory:

Hand Weapons
 a - a +0 flail (weapon)
Armour
 b - a +0 scale mail (worn)
 c - a +0 shield (worn)
 q - a cursed +0 cloak (worn)
 u - a +0 helmet (worn)
Jewellery
 l - a cursed ring of teleportation (left hand)
Scrolls
 e - a scroll of enchant weapon {unknown}
 g - 4 scrolls of fog {unknown}
 h - 2 scrolls of immolation {unknown}
 i - 7 scrolls of identify {unknown}
 j - 2 scrolls of teleportation {unknown}
 k - a scroll of blinking {unknown}
Potions
 d - 2 potions of might
 m - 4 potions of curing {unknown}
 n - 2 potions of magic {unknown}
 o - a potion of mutation {unknown}
 p - a potion of flight {unknown}
 s - a potion of brilliance {unknown}
 t - a potion of cure mutation {unknown}
 x - a potion of agility {unknown}
Comestibles
 f - 3 bread rations
 r - 2 meat rations
 w - a royal jelly


   Skills:
 + Level 4.8 Fighting
 * Level 4.8 Maces & Flails
 + Level 4.6 Armour
 + Level 4.4 Shields


You had 5 spell levels left.
You didn't know any spells.

Dungeon Overview and Level Annotations

Branches:
Dungeon (4/15)
 Temple: D:4-7

Altars:
Trog


Innate Abilities, Weirdness & Mutations

You are resistant to torment.
Your stone body is resilient (AC +4).
You are immune to poison.
You resist negative energy.
You are resistant to electric shocks.
You can survive without breathing.
You are immune to petrification.
You are immune to rotting.


Message History

Pain shoots through your body! You block the orc's attack.
You closely miss the orc priest.
The orc priest is almost dead.
The orc priest mumbles some strange prayers to Beogh against you.
Beogh smites you!
* * * LOW HITPOINT WARNING * * *
The orc hits you but does no damage. The orc hits you.
* * * LOW HITPOINT WARNING * * *
You closely miss the orc.
The orc priest mumbles some strange prayers to Beogh against you.
You barely resist. You block the orc's attack. x2
You barely miss the orc priest.
The orc priest is almost dead.
The orc priest hits you but does no damage.
The orc hits you but does no damage. You block the orc's attack.
The orc hits you but does no damage. The orc priest barely misses you.
You barely miss the orc priest.
The orc priest is almost dead.
The orc hits you but does no damage. x2; The orc priest hits you.
You die...

..# #.....# ..# #.....#
###### ..# ##.....#
.....# ### #......+
.....+ #......# .....#
######......## .....#
....†........####.....#.
................oo......
................@o......
######.#####..?...?....#
#.# ####.######.# ###
#.# ...# ... #.# #.....
... .# ####### ... ...
...


You could see an orc priest and 2 orcs.

Vanquished Creatures
  Sigmund (D:2)
  Crazy Yiuf (D:2)
  Jessica (D:2)
  An iguana (D:4)
  Ijyb (D:2)
  Robin (D:3)
  An adder (D:3)
  2 oozes
  3 worms
  2 dart slugs (D:2)
  7 giant geckos
  4 orcs (D:3)
  3 bats
  14 goblins
  12 hobgoblins
  12 jackals
  13 kobolds
  2 quokkas (D:2)
  5 giant newts
  10 rats
96 creatures vanquished.

Notes
Turn   | Place    | Note
--------------------------------------------------------------
     0 | D:1      | Zhenya25pyc the Gargoyle Fighter began the quest for the Orb.
     0 | D:1      | Reached XP level 1. HP: 14/14 MP: 1/1
    93 | D:1      | Reached XP level 2. HP: 16/19 MP: 2/2
   581 | D:2      | Reached XP level 3. HP: 16/23 MP: 3/3
   711 | D:2      | Noticed Sigmund
   727 | D:2      | Killed Sigmund
   727 | D:2      | Reached XP level 4. HP: 5/30 MP: 4/4
   727 | D:2      | Reached XP level 5. HP: 6/34 MP: 5/5
  1062 | D:2      | Noticed Ijyb
  1065 | D:2      | Noticed Jessica
  1067 | D:2      | Killed Ijyb
  1097 | D:2      | Killed Jessica
  1097 | D:2      | Reached XP level 6. HP: 20/39 MP: 6/6
  1679 | D:2      | Noticed Crazy Yiuf
  1685 | D:2      | Killed Crazy Yiuf
  2181 | D:3      | Noticed Robin
  2232 | D:3      | Killed Robin
  2678 | D:3      | Found a bloodstained altar of Trog.
  3030 | D:4      | HP: 2/40 [orc priest/divine providence (12)]
  3033 | D:4      | Slain by an orc priest

Vault maps used:
D:1:      sevenhm_arrival_forest_fort_small_3, minmay_misc_feat_tiny,
          roderic_hopi_sauvastika
D:2:      grunt_decor_arrowhead, solitary_fountain, uniq_jessica, uniq_sigmund,
          uniq_iyjb, uniq_crazy_yiuf_cottage
D:3:      bloody_trog, first_bread, uniq_robin
D:4:      kennysheep_big_flooded_room, minmay_crystal_room,
          hangedman_decor_lopped, minmay_vboxes

Skill      XL: |  1  2  3  4  5 |
---------------+----------------+-----
Fighting       | 4 |  4.8
Maces & Flails | 3 4 |  4.8
Armour         | 4 |  4.6
Shields        | 4 |  4.4

Action                   |  1- 3 |  4- 6 || total
-------------------------+-------+-------++-------
Melee: Flail             |   102 |   340 ||   442
  Eat: Chunk             |       |     8 ||     8
Armor: Scale mail        |    72 |   243 ||   315
Dodge: Dodged            |    38 |   119 ||   157
Block: Shield            |    66 |   233 ||   299
